 Dungeon Crawl Stone Soup version 0.31-a0-233-g139696dc86 (webtiles) character file.

Game seed: 1291200210808120622

469 qw the Shooter (level 6, -9/53 HPs)
             Began as a Minotaur Hexslinger on July 9, 2023.
             Mangled by Menkaure (17 damage)
             ... on level 4 of the Dungeon.
             The game lasted 00:01:21 (3603 turns).

qw the Shooter (Minotaur Hexslinger)                Turns: 3603, Time: 00:01:21

Health: -9/53      AC: 11    Str: 12      XL:     6   Next: 82%
Magic:  6/6        EV: 10    Int:  8 (10) God:
Gold:   165        SH:  0    Dex: 13 (15) Spells: 6/7 levels left

rFire   . . .        Y - +1 sling
rCold   . . .        (no shield)
rNeg    . . .        f - +2 ring mail {rPois}
rPois   +            (helmet restricted)
rElec   .            g - +0 cloak
rCorr   .            (no gloves)
SInv    .            k - +2 pair of boots
Will    .....        (no amulet)
Stlth   +            (no ring)
HPRegen 0.28/turn    (no ring)
MPRegen 0.10/turn

%: no passive effects
@: about to teleport
A: horns 2, retaliatory headbutt
a: no special abilities


You were on level 4 of the Dungeon.
You visited 2 branches of the dungeon, and saw 5 of its levels.

You collected 165 gold pieces.


Innate Abilities, Weirdness & Mutations

You have a pair of horns on your head.
You reflexively headbutt those who attack you in melee.


   Skills:
 - Level 4.5 Fighting
 + Level 6.8 Ranged Weapons
 - Level 1.2 Armour
 - Level 2.1 Dodging
 - Level 1.0 Spellcasting
 - Level 2.0 Hexes


You had 6 spell levels left.
You knew the following spells:

 Your Spells              Type           Power      Damage    Failure   Level
a - Slow                  Hex            12%        N/A       36%         1

Your spell library contained the following spells:

 Spells                   Type           Power      Damage    Failure   Level
 Inner Flame              Hex/Fire       2%         N/A       87%         3
 Portal Projectile        Hex/Tloc       4%         N/A       87%         3
 Cause Fear               Hex            1%         N/A       98%         4

Inventory:

Hand Weapons
 Y - a +1 sling (weapon)
Armour
 f - a +2 ring mail of poison resistance (worn)
 g - a +0 cloak (worn)
 k - a +2 pair of boots (worn)
Scrolls
 a - a scroll of teleportation
 c - a scroll of identify
 h - a scroll of fear {unknown}
 i - a scroll of enchant weapon {unknown}
Potions
 b - 2 potions of enlightenment
 d - a potion of ambrosia {unknown}
 e - a potion of curing

Dungeon Overview and Level Annotations

Branches:
Dungeon (4/15)             Temple (1/1) D:4

Altars:
Ashenzari
Cheibriados
Dithmenos
Elyvilon
Fedhas
Gozag
Hepliaklqana
Kikubaaqudgha
Makhleb
Nemelex Xobeh
Qazlal
Ru
Sif Muna
Trog
Uskayaw
Vehumet
Zin
The Shining One

Shops:
D:2 =

Annotations:
D:4 Menkaure


Message History

The orc is severely wounded.
Menkaure calls on the powers of darkness!
Your body is wracked with pain!
The orc drinks a potion.
The orc is healed!
You shoot a sling bullet. The sling bullet hits the orc.
The orc is severely wounded.
Menkaure mumbles some strange words.
Menkaure seems to speed up.
The orc hits you but does no damage.
You shoot a sling bullet.
The sling bullet closely misses the orc.
Menkaure whispers in an indecipherable tongue.
The orc hits you but does no damage.
You shoot a sling bullet. The sling bullet hits the orc.
You kill the orc!
You start resting.
Menkaure is nearby!
You shoot a sling bullet.
The sling bullet hits Menkaure but does no damage.
Menkaure is lightly damaged.
Menkaure gestures at you while chanting.
Pain shoots through your body! Menkaure closely misses you.
You shoot a sling bullet. The sling bullet hits Menkaure.
Menkaure is moderately damaged.
Menkaure hits you!
You shoot a sling bullet. The sling bullet hits Menkaure.
Menkaure is moderately damaged.
Menkaure barely misses you.
You shoot a sling bullet. The sling bullet hits Menkaure.
Menkaure is heavily damaged.
Menkaure hits you.
Menkaure calls on the powers of darkness!
Your body is wracked with pain!
3602 ||| READING 2 scrolls of teleportation.
As you read the scroll of teleportation, it crumbles to dust.
You feel strangely unstable. Menkaure hits you but does no damage.
You shoot a sling bullet.
The sling bullet hits Menkaure but does no damage.
Menkaure is heavily damaged.
Menkaure hits you!
You die...

#................
#...##............
.........###.........
....##..#...........
.o...........##.....
....................
.....##.##.##.......
##M.#.#..........#
#@...........%...)
#........%.......#
###....##.........
#.......##......
###.............
###.....##....
##...##.....
##.........
##...#......


You could see Menkaure (fast).

Vanquished Creatures
  Grinder (D:3)
  A scorpion (D:4)
  A hound (D:4)
  An orc wizard (D:3)
  9 adders
  2 dart slugs
  8 orcs
  A bat (D:3)
  6 endoplasms
  3 giant cockroaches
  8 goblins
  10 hobgoblins
  3 quokkas
  4 ball pythons
  4 frilled lizards
  3 kobolds
  4 rats
69 creatures vanquished.

Notes
Turn   | Place    | Note
-------+----------+-------------------------------------------
     0 | D:1      | qw the Minotaur Hexslinger began the quest for the Orb.
     0 | D:1      | Reached XP level 1. HP: 16/16 MP: 1/1
     0 | D:1      | 0 ||| qw: Version: 0.3-a-51-g015441d
     0 | D:1      | 0 ||| qw: Game counter: 3865
     0 | D:1      | 0 ||| qw: Melee chars always use a shield: true
     0 | D:1      | 0 ||| qw: God list: Okawaru
     0 | D:1      | 0 ||| qw: Allow faded altars: false
     0 | D:1      | 0 ||| qw: Do Orc after clearing Dungeon:15 true
     0 | D:1      | 0 ||| qw: Do second Lair branch before Depths: true
     0 | D:1      | 0 ||| qw: Lair rune preference: random
     0 | D:1      | 0 ||| qw: Goals: Normal
     0 | D:1      | 0 ||| PLANNING D:1-11
   302 | D:1      | Reached skill level 3 in Ranged Weapons
   322 | D:1      | Reached XP level 2. HP: 23/23 MP: 2/2
   863 | D:1      | 863 ||| UPGRADING to +0 ring mail.
   873 | D:1      | 873 ||| DROPPING +0 robe.
   874 | D:1      | 874 ||| UPGRADING to +2 pair of boots.
   879 | D:1      | 879 ||| DROPPING ring of wizardry.
   880 | D:1      | 880 ||| READING 2 scrolls labelled PAYFAE PEFU.
   884 | D:1      | 884 ||| READING scroll labelled IJOEHAXZYN.
   885 | D:1      | 885 ||| DROPPING scroll of poison.
  1008 | D:2      | Reached XP level 3. HP: 29/29 MP: 3/3
  1098 | D:2      | Reached skill level 4 in Ranged Weapons
  1117 | D:2      | Reached skill level 1 in Armour
  1385 | D:2      | Found Qoaxon's Jewellery Boutique.
  1388 | D:2      | 1388 ||| SHOPLISTING +6 ring of strength (360 gold, have
                  | 26).
  1388 | D:2      | 1388 ||| SHOPLISTING amulet of Entrepreneurial Spirit {rN+
                  | Regen+} (412 gold, have 26).
  1388 | D:2      | 1388 ||| SHOPLISTING amulet of reflection (300 gold, have
                  | 26).
  1388 | D:2      | 1388 ||| SHOPLISTING ring "Gaen" {rPois rC+} (362 gold,
                  | have 26).
  1388 | D:2      | 1388 ||| SHOPLISTING ring of fire (250 gold, have 26).
  1388 | D:2      | 1388 ||| SHOPLISTING ring of protection from fire (250
                  | gold, have 26).
  1468 | D:2      | 1468 ||| READING scroll labelled CAEHUS ZEPUI.
  1569 | D:2      | 1569 ||| READING scroll labelled IFAEV NETICSAOP.
  1570 | D:2      | 1570 ||| DRINKING 2 glowing purple potions.
  1571 | D:2      | 1571 ||| DROPPING potion of magic.
  1666 | D:3      | Reached XP level 4. HP: 36/36 MP: 4/4
  2088 | D:3      | Found a faded altar of an unknown god.
  2358 | D:3      | Noticed Grinder
  2372 | D:3      | HP: 9/36 [Grinder (6)]
  2373 | D:3      | 2373 ||| READING 2 scrolls of teleportation.
  2504 | D:3      | Paralysed by Grinder for 3 turns
  2511 | D:3      | Paralysed by Grinder for 3 turns
  2516 | D:3      | Killed Grinder
  2517 | D:3      | Reached skill level 6 in Ranged Weapons
  2517 | D:3      | Reached XP level 5. HP: 26/41 MP: 5/5
  2517 | D:3      | Reached XP level 6. HP: 31/48 MP: 6/6
  2680 | D:3      | 2680 ||| UPGRADING to +2 ring mail of poison resistance.
  2690 | D:3      | 2690 ||| UPGRADING to +0 cloak.
  2695 | D:3      | 2695 ||| DROPPING +0 ring mail.
  2696 | D:3      | 2696 ||| READING 2 scrolls labelled MIHOMI EMMIR.
  2697 | D:3      | 2697 ||| READING scroll labelled BENOUR FAUPLEINU.
  2698 | D:3      | 2698 ||| DRINKING 2 sapphire potions.
  2699 | D:3      | 2699 ||| DRINKING 2 purple potions.
  2700 | D:3      | 2700 ||| DRINKING 3 dark potions.
  2701 | D:3      | 2701 ||| DROPPING scroll of vulnerability.
  2702 | D:3      | 2702 ||| DROPPING 2 potions of degeneration.
  2751 | D:4      | 2751 ||| STAIRDANCE
  2924 | D:4      | 2924 ||| STAIRDANCE
  2966 | D:4      | Found a staircase to the Ecumenical Temple.
  2967 | D:4      | 2967 ||| PLANNING TEMPLE
  2967 | D:4      | 2967 ||| READING scroll labelled FEIDAPNOOTA.
  2977 | Temple   | Entered the Ecumenical Temple
  3146 | Temple   | 3146 ||| PLANNING D:1-11
  3219 | D:4      | Reached skill level 3 in Fighting
  3264 | D:4      | Found an ancient bone altar of Kikubaaqudgha.
  3588 | D:4      | Noticed Menkaure
  3589 | D:4      | 3589 ||| Stepping ~*~*~tactically~*~*~ (outnumbered).
  3591 | D:4      | 3591 ||| Stepping ~*~*~tactically~*~*~ (outnumbered).
  3601 | D:4      | HP: 8/53 [??? (6)]
  3602 | D:4      | 3602 ||| READING 2 scrolls of teleportation.
  3603 | D:4      | Mangled by Menkaure

Levels and vault maps discovered:
D:1:      minmay_arrival_doors, layout_loops_corners, minmay_statues_item,
          minmay_stone_trees_medium, minmay_misc_feat_pillars,
          ebering_dispersal_statue_hall
D:2:      layout_basic, serial_shops, nicolae_shop_behind_doors, serial_forest,
          infiniplex_forest_lined_corner, infiniplex_forest_lined_room_2,
          infiniplex_forest_straight_2, infiniplex_forest_straight_4,
          infiniplex_forest_lined_3, infiniplex_forest_clump_small,
          infiniplex_forest_clump_small, infiniplex_forest_lined_room_,
          infiniplex_forest_end_1, infiniplex_forest_straight_2
D:3:      layout_loops_corners, basic_ecumenical_altar,
          chequers_serial_rivers_micro_c, uniq_grinder
D:4:      layout_cave_pools, mainiacjoe_overflow_alcove_2,
          minmay_temple_entry_mist, uniq_menkaure
Temple:   bh_familiar_temple

Skill      XL: |  1  2  3  4  5  6 |
---------------+-------------------+-----
Ranged Weapons | 3 4 6 |  6.8
Fighting       | 2 4 |  4.5
Armour         | 1 |  1.2
Dodging        | |  2.1
Spellcasting   | |  1.0
Hexes          | |  2.0

Action                     |  1- 3 |  4- 6 || total
---------------------------+-------+-------++-------
   Fire: Sling             |   110 |   205 ||   315
    Use: Scroll            |     4 |     5 ||     9
         Potion            |     1 |     3 ||     4
 Armour: Robe              |     1 |       ||     1
         Ring mail         |    27 |    82 ||   109
  Dodge: Dodged            |    26 |    78 ||   104

Table legend:
 A = Non-vault XP
 B = Vault XP
 C = Vault XP percentage of total XP
 D = Non-vault monster count
 E = Vault monster count
 F = Vault count percentage of total count
                 A         B        C        D         E       F
            +---------+---------+-------+---------+---------+-------
      Total |     389 |     281 |  41.9 |      68 |       1 |   1.4
            +---------+---------+-------+---------+---------+-------
        D:1 |      27 |       0 |   0.0 |      14 |       0 |   0.0
        D:2 |      57 |       0 |   0.0 |      17 |       0 |   0.0
        D:3 |     125 |     281 |  69.2 |      24 |       1 |   4.0
        D:4 |     180 |       0 |   0.0 |      13 |       0 |   0.0
            +---------+---------+-------+---------+---------+-------
